 Dungeon Crawl Stone Soup version 0.27-a0-12-g5dcdf96 (webtiles) character file.

Game seed: 634612369660748584

1384 MangoMussolini the Shield-Bearer (level 8, -13/67 HPs)
             Began as a Gnoll Fighter on Jan 2, 2021.
             Was a Priest of Jiyva.
             Mangled by an orc warrior
             ... wielding a +0 halberd
              (21 damage)
             ... on level 7 of the Dungeon.
             The game lasted 00:12:09 (5398 turns).

MangoMussolini the Shield-Bearer (Gnoll Fighter)    Turns: 5398, Time: 00:12:11

Health: -13/67     AC: 13    Str: 19    XL:     8   Next: 67%
Magic:  13/13      EV: 10    Int: 14    God:    Jiyva [***...]
Gold:   235        SH: 11    Dex: 16    Spells: 13/13 levels left

rFire    . . .     SeeInvis .   w - +2 flail (holy)
rCold    . . .     Faith    .   c - +0 kite shield
rNeg     . . .     Spirit   .   b - +0 scale mail
rPois    .         Reflect  .   p - +1 hat {Int+3}
rElec    .         Harm     .   i - +2 cloak
rCorr    +         Rampage  .   q - +0 pair of gloves
Will     .....                  (no boots)
Stlth    +.........             (no amulet)
HPRegen  0.21/turn              y - +4 ring of slaying
MPRegen  0.13/turn              t - ring of wizardry (curse)

@: no status effects
A: distributed training, fangs 1, deterioration 1, strong nose
a: Renounce Religion, Request Jelly


You were on level 7 of the Dungeon.
You worshipped Jiyva.
Jiyva was most pleased with you.
You visited 2 branches of the dungeon, and saw 8 of its levels.

You collected 235 gold pieces.

Inventory:

Hand Weapons
 a - a +0 war axe
 w - a +2 flail of holy wrath (weapon)
Armour
 b - a +0 scale mail (worn)
 c - a +0 kite shield (worn)
 i - a +2 cloak (worn)
 p - a +1 hat of intelligence (worn)
 q - a +0 pair of gloves (worn)
 x - a +0 pair of gloves
Jewellery
 e - an uncursed ring of flight
 t - a cursed ring of wizardry (right hand)
 y - a +4 ring of slaying (left hand)
Scrolls
 f - 3 scrolls of teleportation {unknown}
 h - 2 scrolls of amnesia {unknown}
 j - 3 scrolls of fog {unknown}
 l - a scroll of identify {unknown}
 n - 3 scrolls of fear {unknown}
 o - 2 scrolls of magic mapping {unknown}
 s - 2 scrolls of blinking {unknown}
 v - 2 scrolls of remove curse {unknown}
Potions
 d - 2 potions of might
 k - a potion of degeneration {unknown}
 m - 3 potions of curing {unknown}
 r - 3 potions of lignification {unknown}
 u - a potion of ambrosia {unknown}
 z - a potion of haste {unknown}


   Skills:
 + Level 7.5 Fighting
 + Level 3.4 Short Blades
 + Level 3.4 Long Blades
 + Level 5.8 Axes
 + Level 3.4 Maces & Flails
 + Level 3.4 Polearms
 + Level 3.4 Staves
 + Level 3.4 Slings
 + Level 3.4 Bows
 + Level 3.4 Crossbows
 + Level 3.4 Throwing
 + Level 7.5 Armour
 + Level 3.4 Dodging
 + Level 3.4 Stealth
 + Level 7.5 Shields
 + Level 3.4 Unarmed Combat
 + Level 3.4 Spellcasting
 + Level 2.8 Conjurations
 + Level 2.8 Hexes
 + Level 2.8 Summonings
 + Level 2.8 Necromancy
 + Level 2.8 Translocations
 + Level 2.8 Transmutations
 + Level 2.8 Fire Magic
 + Level 2.8 Ice Magic
 + Level 2.8 Air Magic
 + Level 2.8 Earth Magic
 + Level 2.8 Poison Magic
 + Level 3.8 Invocations
 + Level 3.4 Evocations


You had 13 spell levels left.
You didn't know any spells.
Your spell library contained the following spells:

 Spells                   Type           Power        Failure   Level
 Magic Dart               Conj           40%          17%         1
 Blink                    Tloc           N/A          26%         2
 Call Imp                 Summ           10%          26%         2
 Slow                     Hex            10%          26%         2
 Conjure Flame            Conj/Fire      10%          45%         3
 Mephitic Cloud           Conj/Pois/Air  10%          45%         3


Dungeon Overview and Level Annotations

Branches:
Dungeon (7/15)             Temple (1/1) D:4

Altars:
Elyvilon
Fedhas
Okawaru
Ru
Trog
Xom
Yredelemnul
The Shining One
Jiyva

Annotations:
D:4 exclusion: oklob plant


Innate Abilities, Weirdness & Mutations

Your experience applies equally to all skills.
You have very sharp teeth.
Your uncanny sense of smell can sniff out nearby items.
Your body sometimes deteriorates upon taking damage.


Message History

The orc warrior barely misses you. You block the orc's attack.
The jelly hits the orc warrior but does no damage.
You barely miss the orc warrior.
You bite the orc warrior, but do no damage.
The orc warrior is moderately wounded.
You block the orc warrior's attack. The orc barely misses you.
The jelly hits the orc warrior but does no damage.
You barely miss the orc warrior.
The orc warrior is moderately wounded.
The orc warrior hits you with a +0 halberd!
* * * LOW HITPOINT WARNING * * *
The orc barely misses you.
You sock the orc warrior!
You bite the orc warrior, but do no damage.
The orc warrior is severely wounded.
The orc warrior hits you with a +0 halberd!
* * * LOW HITPOINT WARNING * * *
You block the orc's attack.
The orc warrior hits you with a +0 halberd!!
You die...

##### .....∆ #.<..
#.#..### #.?....###
##..#...###
#.......o.## #
#.#####@o..# .# ##
...###J.## #.# ...
###.# #...###..##.#
.....###).....#...
##.....##...###.## .
#..).............##..
.......o.........(..#
......o........#.....
.................###.


You could see an orc warrior, an orc and a neutral jelly (wandering) (fellow
slime).

Vanquished Creatures
  Sigmund (D:2)
  An orc warrior (D:6)
  A sky beast (D:4)
  An ice beast (D:6)
  A phantom (D:5)
  A bullfrog (D:7)
  A howler monkey (D:6)
  A quasit (D:7)
  3 orc priests
  2 hounds
  3 orc wizards
  Crazy Yiuf (D:3)
  Terence (D:2)
  4 worker ants
  2 hound skeletons
  A worker ant zombie (D:5)
  10 gnolls
  9 adders
  A shadow imp (D:5)
  A white imp (D:6)
  2 ufetubi
  An ooze (D:1)
  An adder zombie (D:5)
  3 worms
  2 dart slugs
  4 leopard geckos
  14 orcs
  5 bats
  5 giant cockroaches
  6 goblins
  8 hobgoblins
  11 jackals
  4 quokkas
  4 frilled lizards
  A jackal zombie (D:5)
  6 kobolds
  6 rats
129 creatures vanquished.

Vanquished Creatures (others)
  An ice beast (D:6)
  2 bullfrogs (D:6)
  5 jellies
  An orc priest (D:6)
  2 orc wizards (D:6)
  An iguana (D:6)
  3 worker ants
  A howler monkey skeleton (D:6)
  3 adders
  2 adder skeletons (D:5)
  A leopard gecko (D:6)
  8 orcs
  A jackal (D:5)
  A quokka (D:5)
  A frilled lizard (D:5)
  A giant cockroach zombie (D:6)
  A jackal zombie (D:6)
  20 fungi (D:4)
  18 plants (D:4)
73 creatures vanquished.

Grand Total: 202 creatures vanquished

Notes
Turn   | Place    | Note
-------+----------+-------------------------------------------
     0 | D:1      | MangoMussolini the Gnoll Fighter began the quest for the
                  | Orb.
     0 | D:1      | Reached XP level 1. HP: 23/23 MP: 1/1
    50 | D:1      | Reached XP level 2. HP: 28/29 MP: 2/2
   180 | D:1      | Reached XP level 3. HP: 33/35 MP: 3/3
   368 | D:1      | Reached skill level 1 in Invocations
   756 | D:2      | Noticed Sigmund
   768 | D:2      | Killed Sigmund
   769 | D:2      | Reached skill level 1 in Short Blades
   769 | D:2      | Reached skill level 1 in Long Blades
   769 | D:2      | Reached skill level 1 in Maces & Flails
   769 | D:2      | Reached skill level 1 in Polearms
   769 | D:2      | Reached skill level 1 in Staves
   769 | D:2      | Reached skill level 1 in Slings
   769 | D:2      | Reached skill level 1 in Bows
   769 | D:2      | Reached skill level 1 in Crossbows
   769 | D:2      | Reached skill level 1 in Throwing
   769 | D:2      | Reached skill level 1 in Dodging
   769 | D:2      | Reached skill level 1 in Stealth
   769 | D:2      | Reached skill level 1 in Unarmed Combat
   769 | D:2      | Reached skill level 1 in Spellcasting
   769 | D:2      | Reached skill level 1 in Conjurations
   769 | D:2      | Reached skill level 1 in Hexes
   769 | D:2      | Reached skill level 1 in Summonings
   769 | D:2      | Reached skill level 1 in Necromancy
   769 | D:2      | Reached skill level 1 in Translocations
   769 | D:2      | Reached skill level 1 in Transmutations
   769 | D:2      | Reached skill level 1 in Fire Magic
   769 | D:2      | Reached skill level 1 in Ice Magic
   769 | D:2      | Reached skill level 1 in Air Magic
   769 | D:2      | Reached skill level 1 in Earth Magic
   769 | D:2      | Reached skill level 1 in Poison Magic
   769 | D:2      | Reached skill level 1 in Evocations
   769 | D:2      | Reached XP level 4. HP: 26/41 MP: 4/6
   769 | D:2      | Reached XP level 5. HP: 30/47 MP: 4/7
   945 | D:2      | Noticed Terence
   952 | D:2      | Killed Terence
   953 | D:2      | Reached XP level 6. HP: 53/53 MP: 8/8
  1167 | D:2      | Reached skill level 5 in Axes
  1354 | D:2      | Found a sacrificial altar of Ru.
  2340 | D:3      | Found a runed translucent door.
  2341 | D:3      | Noticed Crazy Yiuf
  2525 | D:3      | Found a basalt altar of Yredelemnul.
  2626 | D:3      | Killed Crazy Yiuf
  2683 | D:4      | Reached XP level 7. HP: 59/59 MP: 10/10
  2972 | D:4      | Found a staircase to the Ecumenical Temple.
  3136 | Temple   | Entered the Ecumenical Temple
  3142 | Temple   | Became a worshipper of Jiyva Jeppias the Shapeless
  3273 | D:4      | Reached * piety under Jiyva
  3419 | D:4      | Found an iron altar of Okawaru.
  3705 | D:4      | Found a blossoming altar of Fedhas.
  3727 | D:4      | Noticed an oklob plant
  3881 | D:5      | Entered Level 5 of the Dungeon
  4187 | D:5      | Found a bloodstained altar of Trog.
  4379 | D:5      | Reached XP level 8. HP: 66/67 MP: 12/12
  4486 | D:5      | Found a glowing golden altar of the Shining One.
  4918 | D:6      | Reached ** piety under Jiyva
  5006 | D:6      | Reached *** piety under Jiyva
  5147 | D:6      | Found a white marble altar of Elyvilon.
  5365 | D:7      | Gained mutation: Your body sometimes deteriorates upon
                  | taking damage. [Jiyva's grace]
  5398 | D:7      | Mangled by an orc warrior

Illustrated notes

Levels and vault maps discovered:
D:1:      co_arrival_square_in_a_square_in_a_square, layout_basic
D:2:      layout_rooms, nicolae_ru_the_path_less_chosen, kennysheep_nub,
          chequers_serial_rivers_micro_e, kennysheep_generic_room_10,
          uniq_sigmund, uniq_terence
D:3:      layout_basic, lemuel_coloured_pillars_altar, minmay_crystal_room,
          uniq_crazy_yiuf_cottage
D:4:      layout_basic, tgw_fedhas, minmay_temple_entry_ruins, serial_aquarium,
          aquarium_bridge_square [aquarium_subvault_wall,
          aquarium_subvault_wall, aquarium_subvault_bridge,
          aquarium_subvault_window], aquarium_bridge_square
          [aquarium_subvault_bridge, aquarium_subvault_bridge,
          aquarium_subvault_wall, aquarium_subvault_wall], aquarium_window_fake,
          aquarium_window_fake, aquarium_window_fake, aquarium_view_2f,
          aquarium_view_2c, aquarium_balcony_3a, aquarium_pool_five,
          okawaru_trees_2
D:5:      layout_loops_ring, kennysheep_mini_moat, marbit_many_paths,
          grunt_ministairs_5, hangedman_decor_slide_cut
D:6:      layout_rooms, lemuel_doored_altar
D:7:      layout_rooms, gammafunk_temple_overflow_elements, serial_shops,
          kennysheep_mini, nrook_uturn
Temple:   pf_slimified_temple

Skill      XL: |  1  2  3  4  5  6  7  8 |
---------------+-------------------------+-----
Invocations    | 1 2 3 |  3.8
Short Blades   | 1 2 3 |  3.4
Long Blades    | 1 2 3 |  3.4
Maces & Flails | 1 2 3 |  3.4
Polearms       | 1 2 3 |  3.4
Staves         | 1 2 3 |  3.4
Slings         | 1 2 3 |  3.4
Bows           | 1 2 3 |  3.4
Crossbows      | 1 2 3 |  3.4
Throwing       | 1 2 3 |  3.4
Dodging        | 1 2 3 |  3.4
Stealth        | 1 2 3 |  3.4
Unarmed Combat | 1 2 3 |  3.4
Spellcasting   | 1 2 3 |  3.4
Conjurations   | 1 2 |  2.8
Hexes          | 1 2 |  2.8
Summonings     | 1 2 |  2.8
Necromancy     | 1 2 |  2.8
Translocations | 1 2 |  2.8
Transmutations | 1 2 |  2.8
Fire Magic     | 1 2 |  2.8
Ice Magic      | 1 2 |  2.8
Air Magic      | 1 2 |  2.8
Earth Magic    | 1 2 |  2.8
Poison Magic   | 1 2 |  2.8
Evocations     | 1 2 3 |  3.4
Axes           | 5 |  5.8
Fighting       | 7 |  7.5
Armour         | 7 |  7.5
Shields        | 7 |  7.5

Action                   |  1- 3 |  4- 6 |  7- 9 || total
-------------------------+-------+-------+-------++-------
Melee: War axe           |    72 |   152 |   124 ||   348
       Bite              |     2 |    12 |    31 ||    45
       Flail             |       |       |    66 ||    66
  Use: Potion            |       |       |     1 ||     1
Armor: Scale mail        |    22 |    73 |    85 ||   180
Dodge: Dodged            |    24 |    57 |    80 ||   161
Block: Kite shield       |    46 |    99 |   101 ||   246

Table legend: (Time is in decaauts)
 A = Elapsed time spent in this place.
 B = Non-inter-level travel time spent in this place.
 C = Inter-level travel time spent in this place.
 D = Time resting spent in this place.
 E = Time spent auto-exploring this place.
 F = Levels seen in this place.
 G = Mean time per level.
                   A        B        C        D        E       F      G
               +--------+--------+--------+--------+--------+-----+--------+
         Total |   5527 |   5276 |    251 |    395 |   3803 |   8 |  690.9 |
       Dungeon |   5514 |   5263 |    251 |    395 |   3803 |   7 |  787.7 |
        Temple |     12 |     12 |      0 |      0 |      0 |   1 |   12.0 |
               +--------+--------+--------+--------+--------+-----+--------+

Top non-repeatable levels by time:
     D:4: 1213 daAuts
     D:3: 1171 daAuts
     D:5: 968 daAuts
     D:2: 812 daAuts
     D:1: 755 daAuts
     D:6: 478 daAuts
     D:7: 116 daAuts
  Temple: 12 daAuts
